 Dungeon Crawl Stone Soup version 0.27-a0-1532-gca18f49f40 (webtiles) character file.

Game seed: 4678063956183358061

34182 killozap the Destroyer (level 13, -5/95 HPs)
             Began as an Octopode Conjurer on July 11, 2021.
             Was an Initiate of Gozag.
             Slain by a cane toad (21 damage)
             ... on level 5 of the Lair of Beasts on July 12, 2021.
             The game lasted 01:43:13 (30550 turns).

killozap the Destroyer (Octopode Conjurer)         Turns: 30550, Time: 01:43:14

Health: -5/95      AC:  2    Str:  2    XL:     13   Next: 75%
Magic:  7/27       EV: 20    Int: 25    God:    Gozag
Gold:   2664       SH:  9    Dex: 21    Spells: 13/33 levels left

rFire    . . .     SeeInvis .   c - +2 short sword (venom)
rCold    + + .     Faith    .   L - +0 kite shield
rNeg     . . .     Spirit   .   l - +1 hat
rPois    +         Reflect  .   O - amulet of the Stag {RegenMP rPois rC++ Str-4 Stlth+}
rElec    .         Harm     .   a - +6 ring of dexterity
rCorr    +         Rampage  .   F - ring of willpower
Will     +....                  S - ring "Wahichid" {rCorr Dex+4}
Stlth    +++++.....             (no ring)
HPRegen  0.25/turn              (no ring)
MPRegen  0.45/turn              (no ring)
                                (no ring)
                                (no ring)

@: gold aura
A: almost no armour, amphibious, 8 rings, camouflage 1, gelatinous body 1,
(nimble swimmer 1), tentacles
a: Renounce Religion, Potion Petition, Call Merchant, Bribe Branch


You were on level 5 of the Lair of Beasts.
You worshipped Gozag.
Gozag was most pleased with you.
You visited 3 branches of the dungeon, and saw 18 of its levels.
You also visited: Sewer.

You collected 4351 gold pieces.
You spent 902 gold pieces at shops.
You paid 785 gold pieces to Gozag.

Inventory:

Hand Weapons
 c - a +2 short sword of venom (weapon)
 x - a +4 spectral quarterstaff
Missiles
 f - 8 atropa-tipped darts
 h - 4 throwing nets
Armour
 l - a +1 hat (worn)
 K - a +0 buckler
 L - a +0 kite shield (worn)
Magical Staves
 b - a staff of fire
Jewellery
 a - a +6 ring of dexterity (left tentacle)
 t - a ring of ice
 F - a ring of willpower (right tentacle)
 O - the amulet of the Stag (around mantle) {RegenMP rPois rC++ Str-4 Stlth+}
   (You bought it in a shop on level 4 of the Lair of Beasts)

   [amulet of magic regeneration]

   It increases your rate of magic regeneration.
   Str:       It affects your strength (-4).
   rC:        It greatly protects you from cold.
   rPois:     It protects you from poison.
   Stlth:     It makes you more stealthy.
 P - a ring of poison resistance
 S - the ring "Wahichid" (on tentacle) {rCorr Dex+4}
   (You found it on level 6 of the Lair of Beasts)

   [ring of resist corrosion]

   Dex:       It affects your dexterity (+4).
   rCorr:     It protects you from acid and corrosion.
Wands
 g - a wand of flame (20)
 j - a wand of paralysis (11)
 v - a wand of polymorph (12)
 C - a wand of digging (11)
 E - a wand of charming (5)
 J - a wand of mindburst (48)
 M - a wand of iceblast (7)
Scrolls
 e - 4 scrolls of enchant weapon
 i - 2 scrolls of silence
 k - 2 scrolls of amnesia
 n - 6 scrolls of teleportation
 r - 3 scrolls of enchant armour
 y - 2 scrolls of immolation
 z - 3 scrolls of magic mapping
 B - a scroll of fog
 I - a scroll of summoning
 R - a scroll of fear
Potions
 d - 6 potions of flight
 m - 2 potions of invisibility
 o - 3 potions of attraction
 p - 4 potions of mutation
 q - 2 potions of brilliance
 s - 8 potions of curing
 u - 2 potions of berserk rage
 w - 2 potions of haste
 A - 2 potions of cancellation
 D - 2 potions of heal wounds
 G - a potion of resistance {unknown}
 H - a potion of might
 N - a potion of ambrosia
 Q - a potion of lignification {unknown}


   Skills:
 + Level 11.2 Fighting
 + Level 11.4 Dodging
 - Level 2.6 Stealth
 + Level 5.7 Shields
 - Level 10.5 Spellcasting
 + Level 11.9 Conjurations
 - Level 1.0 Air Magic


You had 13 spell levels left.
You knew the following spells:

 Your Spells              Type           Power      Damage    Failure   Level
a - Magic Dart            Conj           100%       1d8       1%          1
b - Searing Ray           Conj           100%       3d7       1%          2
c - Dazzling Flash        Conj/Hex       84%        N/A       4%          3
d - Iskenderun's Mystic   Conj/Tloc      42%        2d10      13%         4
e - Fulminant Prism       Conj/Hex       21%        3d13      13%         4
f - Swiftness             Air            18%        N/A       30%         3
g - Conjure Flame         Conj/Fire      42%        6-21      4%          3

Your spell library contained the following spells:

 Spells                   Type           Power      Damage    Failure   Level
 Shock                    Conj/Air       100%       1d9       1%          1
 Sticky Flame             Conj/Fire      42%        2d6       13%         4
 Animate Skeleton         Necr           26%        N/A       16%         1
 Pain                     Necr           52%        1d6       16%         1
 Call Imp                 Summ           13%        N/A       24%         2
 Sublimation of Blood     Necr           6%         N/A       24%         2
 Wereblood                Tmut           13%        N/A       24%         2
 Irradiate                Conj/Tmut      21%        3d20      36%         5
 Ignite Poison            Fire/Tmut/Pois 13%        N/A       43%         3
 Vampiric Draining        Necr           6%         2d6       43%         3
 Airstrike                Air            9%         N/A       71%         4
 Blade Hands              Tmut           6%         N/A       99%         5
 Shadow Creatures         Summ           N/A        N/A       100%        6
 Dragon Form              Tmut           6%         N/A       100%        7
 Haunt                    Necr/Summ      6%         N/A       100%        7
 Summon Hydra             Summ           6%         N/A       100%        7


Dungeon Overview and Level Annotations

Branches:
Dungeon (11/15)            Temple (1/1) D:7            Lair (6/6) D:9
  Swamp (0/4) Lair:4       Spider (0/4) Lair:4        Slime (0/5) Lair:5
    Orc (0/2) D:11          Sewer (visited)

Altars:
Ashenzari
Cheibriados
Dithmenos
Elyvilon
Fedhas
Gozag
Hepliaklqana
Kikubaaqudgha
Makhleb
Nemelex Xobeh
Okawaru
Qazlal
Ru
Sif Muna
Trog
Uskayaw
Vehumet
Wu Jian
Xom
Yredelemnul
Zin
The Shining One

Shops:
D:8 (   Lair:4 =

Annotations:
D:3 Spaninq's ghost, novice TrCK
D:7 3 runed translucent doors, 1 exclusion, Wyvernaa's ghost, weakling KoDe
D:9 2 transporters, Zonian's ghost, novice GnCj
Lair:1 exclusion: oklob plant
Lair:3 exclusions: hydra and oklob plant


Innate Abilities, Weirdness & Mutations

You cannot wear most types of armour.
You are amphibious.
You can wear up to eight rings at the same time.
Your skin changes colour to match your surroundings (Stealth+).
Your rubbery body absorbs attacks. (AC +1, EV +1)
((You are camouflaged near water. (Stealth+)))
You have tentacles for arms and can constrict up to eight enemies at once.


Message History

You hit the blink frog.
The blink frog is poisoned.
You grab the blink frog.
The blink frog is heavily wounded.
You constrict the blink frog, but do no damage.
You block the blink frog's attack. The cane toad barely misses you.
The blink frog closely misses you. The cane toad misses you.
You hit the cane toad but do no damage. You grab the cane toad.
You squeeze the cane toad.
The cane toad is moderately wounded.
You constrict the blink frog, but do no damage.
You constrict the cane toad, but do no damage.
The blink frog hits you!
The blink frog struggles to blink free from constriction.
The cane toad completely misses you.
You hit the cane toad but do no damage.
The cane toad is moderately wounded.
You constrict the blink frog.
You constrict the cane toad, but do no damage.
You block the blink frog's attack. The cane toad stings you!!
The cane toad completely misses you. You block the blink frog's attack.
The cane toad closely misses you.
You release your grip on the blink frog.
You release your grip on the cane toad.
You block the cane toad's attack. You block the blink frog's attack.
The cane toad barely misses you. The cane toad stings you!
You climb upwards.
There is a stone staircase leading down here.
You closely miss the blink frog. You grab the blink frog.
The blink frog is severely wounded.
You constrict the blink frog, but do no damage.
The blink frog misses you. The cane toad stings you!
The cane toad barely misses you.
The blink frog struggles to blink free from constriction.
You release your grip on the blink frog.
The cane toad completely misses you. The blink frog hits you!
You block the cane toad's attack. The blink frog hits you!
* * * LOW HITPOINT WARNING * * *
The blink frog misses you. The cane toad stings you!!
You die...
Your body crumbles into a pile of gold.

##..#.#..P.##### #....#...#.P..
...#.........#.## #.....####....
.........P......####......#...#.#
P#......#....##.##.......#...#..#
....P....P....#..##..P..##..##P..
##.....P...#.#..####.P...#.......
#..................#.P...###..P..
###..##..##......F.......##.##...
#...####........@FF.....#########
###.# #.#...###.##...##.#
#..###....## ########.##
#........## ### ##..#...##
#####.## ###


You could see 2 cane toads and a blink frog (poisoned).

Vanquished Creatures
  3 hydras
  4 two-headed ogres
  A wolf spider (Lair:4)
  3 cyclopes
  2 black mambas (Lair:1)
  Joseph (D:8)
  12 elephants
  10 cane toads
  3 rime drakes
  6 komodo dragons
  A troll (D:10)
  A polar bear (Lair:6)
  A slime creature (D:7)
  11 blink frogs
  Sigmund (D:5)
  A wraith (D:11)
  3 wyverns
  26 yaks
  4 basilisks
  6 vampire mosquitoes
  2 steam dragons
  Menkaure (D:5)
  An acid dragon (D:8)
  Edmund (D:5)
  21 water moccasins
  6 orc warriors
  Duvessa (D:6)
  2 ice beasts (D:7)
  A sky beast (D:6)
  2 necrophages
  3 ogres
  11 wolves
  5 centaurs
  3 phantoms
  A kobold brigand (D:10)
  A gnoll sergeant (D:11)
  14 bullfrogs
  A scorpion (D:5)
  A water moccasin zombie (D:5)
  Dowan (D:6)
  A water moccasin skeleton (D:4)
  6 killer bees
  A wight (D:7)
  7 howler monkeys
  4 electric eels
  2 centaur zombies
  2 hounds
  A bullfrog zombie (D:6)
  12 jellies (Lair:5)
  A centaur skeleton (D:5)
  4 gnoll shamans
  4 orc priests
  Crazy Yiuf (D:5)
  A bullfrog skeleton (D:7)
  2 iguanas (D:5)
  15 orc wizards
  A howler monkey skeleton (D:4)
  26 gnolls
  2 adders
  2 river rats (D:3)
  A shadow imp (D:4)
  A white imp (D:6)
  5 worms
  6 dart slugs
  37 orcs
  6 ball pythons
  18 endoplasms
  7 giant cockroaches
  4 hobgoblins
  10 jackals
  5 quokkas
  10 bats
  5 frilled lizards
  11 goblins
  6 kobolds
  4 rats (D:3)
  3 fulminant prisms
413 creatures vanquished.

Vanquished Creatures (others)
  82 fulminant prisms
  27 fungi
  92 plants
201 creatures vanquished.

Grand Total: 614 creatures vanquished

Notes
Turn   | Place    | Note
-------+----------+-------------------------------------------
     0 | D:1      | killozap the Octopode Conjurer began the quest for the Orb.
     0 | D:1      | Reached XP level 1. HP: 11/11 MP: 3/3
   798 | D:1      | Reached XP level 2. HP: 18/18 MP: 3/5
  1317 | D:1      | Reached skill level 1 in Fighting
  1557 | D:2      | Reached XP level 3. HP: 23/23 MP: 1/6
  1894 | D:2      | Found a faded altar of an unknown god.
  2650 | D:3      | Reached XP level 4. HP: 25/28 MP: 1/7
  2654 | D:3      | Found a glowing drain.
  2757 | D:3      | Learned a level 2 spell: Searing Ray
  2761 | D:3      | Learned a level 3 spell: Dazzling Flash
  2763 | Sewer    | Entered a sewer
  3931 | D:3      | Reached XP level 5. HP: 34/34 MP: 7/9
  4553 | D:4      | Found a runed translucent door.
  4735 | D:4      | Noticed a necrophage
  5041 | D:4      | Killed a necrophage
  5042 | D:4      | Reached XP level 6. HP: 40/41 MP: 1/10
  5259 | D:4      | Reached skill level 5 in Conjurations
  5299 | D:4      | Noticed a steam dragon
  5300 | D:4      | Noticed Spaninq's ghost (novice TrCK)
  5650 | D:4      | Reached XP level 7. HP: 46/46 MP: 7/12
  6627 | D:4      | Killed a steam dragon
  6794 | D:5      | Entered Level 5 of the Dungeon
  7137 | D:5      | Reached XP level 8. HP: 40/54 MP: 7/14
  7473 | D:5      | Found a runed translucent door.
  7474 | D:5      | Noticed Crazy Yiuf
  7484 | D:5      | Killed Crazy Yiuf
  7485 | D:5      | Reached skill level 5 in Dodging
  7820 | D:5      | Found a glowing golden altar of the Shining One.
  8015 | D:5      | Noticed Menkaure
  8022 | D:5      | Killed Menkaure
  8181 | D:5      | Reached skill level 5 in Spellcasting
  8250 | D:5      | Noticed Sigmund
  8262 | D:5      | Noticed Edmund
  8383 | D:5      | Killed Sigmund
  8384 | D:5      | Reached skill level 5 in Fighting
  8467 | D:5      | Killed Edmund
  8883 | D:6      | Reached XP level 9. HP: 61/61 MP: 10/17
  9147 | D:6      | Noticed Duvessa
  9147 | D:6      | Noticed Dowan
  9203 | D:6      | Killed Duvessa
  9256 | D:6      | Killed Dowan
 10915 | D:7      | Noticed a cyclops
 11079 | D:7      | Found a staircase to the Ecumenical Temple.
 11095 | Temple   | Entered the Ecumenical Temple
 11537 | Temple   | Became a worshipper of Gozag Ym Sagoz the Greedy
 11738 | D:7      | Found a basalt altar of Yredelemnul.
 11740 | D:7      | Found a sparkling altar of Nemelex Xobeh.
 11742 | D:7      | Found a sacrificial altar of Ru.
 11744 | D:7      | Found a hide-covered altar of Uskayaw.
 11744 | D:7      | Found an ancient bone altar of Kikubaaqudgha.
 11744 | D:7      | Found a stormy altar of Qazlal.
 11745 | D:7      | Found a shimmering blue altar of Sif Muna.
 11745 | D:7      | Found a shimmering altar of Xom.
 11746 | D:7      | Found a snail-covered altar of Cheibriados.
 11747 | D:7      | Found a shadowy altar of Dithmenos.
 11748 | D:7      | Found a bloodstained altar of Trog.
 11749 | D:7      | Found a white marble altar of Elyvilon.
 11950 | D:7      | Killed a cyclops
 11951 | D:7      | Reached XP level 10. HP: 68/69 MP: 8/19
 12294 | D:7      | Found a runed translucent gate.
 12294 | D:7      | Noticed Wyvernaa's ghost (weakling KoDe)
 12297 | D:7      | Found a runed translucent gate.
 12297 | D:7      | Found a runed translucent gate.
 12753 | D:8      | Learned a level 4 spell: Iskenderun's Mystic Blast
 12758 | D:8      | Learned a level 4 spell: Fulminant Prism
 12762 | D:8      | Learned a level 3 spell: Swiftness
 12909 | D:8      | Noticed Joseph
 13285 | D:8      | Found Vulit's Antique Weapon Boutique.
 13348 | D:8      | Killed Joseph
 14229 | D:8      | Learned a level 3 spell: Conjure Flame
 14750 | D:9      | Reached skill level 1 in Air Magic
 14849 | D:9      | Found a transporter.
 14853 | D:9      | Noticed Zonian's ghost (novice GnCj)
 14854 | D:9      | Noticed a two-headed ogre
 14957 | D:9      | Found a transporter.
 15025 | D:9      | Found a staircase to the Lair.
 15683 | D:10     | Entered Level 10 of the Dungeon
 15960 | D:10     | Noticed a two-headed ogre
 15990 | D:10     | Killed a two-headed ogre
 15991 | D:10     | Reached XP level 11. HP: 36/77 MP: 0/22
 16176 | D:10     | Noticed a two-headed ogre
 16394 | D:10     | Noticed a two-headed ogre
 16410 | D:10     | Killed a two-headed ogre
 16577 | D:10     | HP: 1/78 [orc warrior (23)]
 17067 | D:10     | Killed a two-headed ogre
 17845 | D:11     | Noticed a two-headed ogre
 17961 | D:11     | Noticed a cyclops
 18185 | D:11     | Killed a cyclops
 18400 | D:11     | Found a staircase to the Orcish Mines.
 18448 | D:11     | Killed a two-headed ogre
 18449 | D:11     | Reached skill level 10 in Conjurations
 18631 | D:11     | Got the Papyrus of the Feathery Entourage
 18717 | D:11     | Noticed a cyclops
 18792 | D:11     | Killed a cyclops
 18793 | D:11     | Reached skill level 1 in Shields
 19252 | Lair:1   | Entered Level 1 of the Lair of Beasts
 19966 | Lair:1   | Noticed an oklob plant
 20107 | Lair:1   | Reached XP level 12. HP: 24/85 MP: 10/24
 22295 | Lair:2   | Reached skill level 10 in Dodging
 23659 | Lair:3   | Reached skill level 10 in Fighting
 24014 | Lair:3   | Noticed a seven-headed hydra
 24678 | Lair:4   | Bought the amulet of the Stag {RegenMP rPois rC++ Str-4
                  | Stlth+} for 902 gold pieces
 25939 | Lair:3   | Reached XP level 13. HP: 72/93 MP: 7/26
 26298 | Lair:4   | Reached skill level 10 in Spellcasting
 26471 | Lair:4   | Found a hole to the Spider Nest.
 26544 | Lair:4   | Found a staircase to the Swamp.
 27653 | Lair:4   | Upgraded the game from 0.27-a0-1529-g1e82c303ef to
                  | 0.27-a0-1532-gca18f49f40
 27764 | Lair:5   | Found a staircase to the Slime Pits.
 29356 | Lair:5   | Reached skill level 5 in Shields
 29482 | Lair:5   | Identified a scroll of acquirement
 29482 | Lair:5   | Acquired 1118 gold pieces
 29590 | Lair:5   | You fall into a shaft and drop 1 floor!
 29590 | Lair:6   | Entered Level 6 of the Lair of Beasts
 30297 | Lair:6   | Identified the ring "Wahichid" {rCorr Dex+4}
 30550 | Lair:5   | Slain by a cane toad

Illustrated notes

Levels and vault maps discovered:
D:1:      amcnicky_arrival_wind_blow, layout_loops_corners,
          minmay_tiny_reverse_x
D:2:      layout_loops_ring, shapermc_ecumenical_altar_mp_ritualfount
D:3:      layout_basic, portal_sewer_entry_b
D:4:      minmay_recursive_quarters, layout_gridville,
          ebering_ghost_inner_flame, hangedman_abyss_or_decor_jellyfish_corner,
          kennysheep_generic_room_3
D:5:      layout_cave_pools, tso_oasis_becter, sigmund_edmund_badplayer,
          uniq_sigmund, uniq_crazy_yiuf_cottage, uniq_menkaure
D:6:      layout_basic, hangedman_decor_growths, hellmonk_bongcloud_opening,
          uniq_duvessa
D:7:      nzn_winding_woodlands_three_and_one [nzn_winding_woodlands_5x15_cabin,
          nzn_winding_woodlands_5x15_lazy_stream,
          nzn_winding_woodlands_5x15_pathside_ponds,
          nzn_winding_woodlands_center_diamonds], layout_basic, minitemple,
          minmay_temple_entry_slanted, gammafunk_ghost_nasty_kobolds,
          serial_glass, glass_columns_a, glass_columns_b
D:8:      layout_basic, serial_shops, nicolae_shop_statue_plus, uniq_joseph
D:9:      layout_roguey, dpeg_oklobed_lair, gammafunk_ghost_arena, serial_bayou,
          serial_bayou_shore_b, serial_bayou_shore_a, serial_bayou_lagoon_a,
          serial_bayou_crossing, serial_bayou_lake_a, hangedman_decor_opposing
D:10:     layout_gridville, st_stairs_10
D:11:     layout_roguey, orc_david_3
Temple:   compressed_dpeg_triangle_lava_temple
Lair:1:   layout_regular_city, beast_lair_carwin_4, minmay_lair_oklob_chamber,
          grunt_megastairs_4
Lair:2:   layout_chaotic_city, beast_lair_carwin_9
Lair:3:   layout_roguey
Lair:4:   layout_long_grid, minmay_swamp_entry_swarm, spider_nest_entry_rubble,
          portal_ice_cave_rime, minivault_11, chequers_serial_rivers_room_b,
          hangedman_lair_unloving_vines, chequers_serial_rivers_micro_c,
          infiniplex_staircase_pool
Lair:5:   layout_loops_ring, minmay_slime_entry_jelly_boxes
Lair:6:   grunt_lair_end_beastmaster, layout_small_grid, grunt_megastairs_5,
          serial_bayou_shore_b

Skill      XL: |  1  2  3  4  5  6  7  8  9 10 11 12 13 |
---------------+----------------------------------------+-----
Fighting       | 1 2 3 4 5 6 8 9 10 11 | 11.2
Dodging        | 3 4 5 7 8 9 10 11 | 11.4
Spellcasting   | 3 4 5 6 7 8 9 10 | 10.5
Conjurations   | 5 6 8 9 10 11 | 11.9
Air Magic      | 1 |  1.0
Shields        | 2 4 5 |  5.7
Stealth        | |  2.6

Action                   |  1- 3 |  4- 6 |  7- 9 | 10-12 | 13-15 || total
-------------------------+-------+-------+-------+-------+-------++-------
Melee: Unarmed           |     2 |       |       |       |       ||     2
       Short sword       |    20 |    41 |    70 |    77 |    69 ||   277
       Constrict         |     5 |    12 |    13 |    34 |     7 ||    71
       Tentacles         |     2 |     5 |    16 |    22 |     8 ||    53
       Quarterstaff      |       |       |       |    64 |       ||    64
 Cast: Magic Dart        |    78 |   109 |   141 |   194 |    62 ||   584
       Searing Ray       |       |     6 |    31 |    75 |    36 ||   148
       Dazzling Flash    |       |       |    14 |    22 |    21 ||    57
       Fulminant Prism   |       |       |       |    53 |    33 ||    86
       Iskenderun's Myst |       |       |       |    42 |    45 ||    87
       Swiftness         |       |       |       |     4 |       ||     4
       Conjure Flame     |       |       |       |     2 |       ||     2
Invok: Call Merchant     |       |       |       |     1 |       ||     1
Evoke: Wand              |       |       |       |       |     3 ||     3
  Use: Scroll            |     2 |     9 |     7 |    11 |     2 ||    31
       Potion            |       |       |       |     3 |       ||     3
 Stab: Sleeping          |       |     4 |     1 |       |       ||     5
       Invisible         |       |       |       |     3 |       ||     3
       Distracted        |       |       |       |     3 |       ||     3
Armor: Skin              |     1 |    10 |    13 |    19 |    16 ||    59
Dodge: Dodged            |    26 |    42 |   121 |   289 |   116 ||   594
Block: Buckler           |       |       |       |    53 |     6 ||    59
       Kite shield       |       |       |       |       |    53 ||    53

Table legend: (Time is in decaauts)
 A = Elapsed time spent in this place.
 B = Non-inter-level travel time spent in this place.
 C = Inter-level travel time spent in this place.
 D = Time resting spent in this place.
 E = Time spent auto-exploring this place.
 F = Levels seen in this place.
 G = Mean time per level.
                   A        B        C        D        E       F      G
               +--------+--------+--------+--------+--------+-----+--------+
         Total |  30648 |  29629 |   1019 |  13142 |  11727 |  19 | 1613.1 |
       Dungeon |  17840 |  17198 |    642 |   6854 |   7665 |  11 | 1621.8 |
        Temple |    452 |    444 |      8 |    184 |    231 |   1 |  452.0 |
          Lair |  11348 |  10979 |    369 |   5675 |   3597 |   6 | 1891.3 |
         Sewer |   1007 |   1007 |      0 |    429 |    234 |   1 | 1007.0 |
               +--------+--------+--------+--------+--------+-----+--------+

Top non-repeatable levels by time:
  Lair:1: 3054 daAuts
  Lair:4: 2913 daAuts
  Lair:3: 2250 daAuts
     D:4: 2051 daAuts
  Lair:5: 1951 daAuts
     D:7: 1885 daAuts
     D:9: 1827 daAuts
    D:10: 1704 daAuts
     D:8: 1682 daAuts
     D:5: 1666 daAuts
     D:1: 1592 daAuts
     D:6: 1585 daAuts
    D:11: 1429 daAuts
     D:3: 1406 daAuts
  Lair:2: 1105 daAuts
